 Dungeon Crawl Stone Soup version 0.27-a0-1147-gb3d8e82157 (webtiles) character file.

Game seed: 5944816510250828550

599 Feb132020 the Covert (level 7, -2/52 (60) HPs)
             Began as a Gnoll Delver on May 12, 2021.
             Was an Initiate of Nemelex Xobeh.
             Slain by a wight
             ... wielding a +1 morningstar
              (6 damage)
             ... on level 6 of the Dungeon.
             The game lasted 00:17:27 (5807 turns).

Feb132020 the Covert (Gnoll Delver)                 Turns: 5807, Time: 00:17:28

HP:   -2/52 (60)    AC:  4    Str: 12    XL:     7   Next: 41%
MP:   10/10         EV: 13    Int: 10    God:    Nemelex Xobeh [......]
Gold: 224           SH:  0    Dex: 14    Spells: 10/10 levels left

rFire    . . .     SeeInvis .   a - +0 falchion
rCold    . . .     Faith    .   (no shield)
rNeg     . . .     Spirit   .   l - +1 leather armour
rPois    .         Reflect  .   (no helmet)
rElec    .         Harm     .   (no cloak)
rCorr    .         Rampage  .   (no gloves)
Will     .....                  (no boots)
Stlth    ++++......             (no amulet)
HPRegen  0.17/turn              m - ring of flight
MPRegen  0.12/turn              (no ring)

@: flying, studying Bows, heavily drained
A: fangs 1, strong nose, distributed training
a: Renounce Religion, Draw Escape, Draw Destruction, Draw Summoning


You were on level 6 of the Dungeon.
You worshipped Nemelex Xobeh.
Nemelex Xobeh was noncommittal.
You visited 1 branch of the dungeon, and saw 6 of its levels.

You collected 224 gold pieces.

Inventory:

Hand Weapons
 a - a +0 falchion (weapon)
 b - a +2 short sword of electrocution
 o - a +4 quarterstaff of chaos
 r - a +1 morningstar of protection
 x - a +2 antimagic war axe
 y - a +0 short sword of venom
Missiles
 s - 20 poisoned darts (quivered)
 t - 192 stones
 u - 70 arrows
 v - 8 boomerangs
 w - 50 sling bullets
Armour
 l - a +1 leather armour (worn)
 p - a +0 cloak
Jewellery
 m - a ring of flight (left hand)
Wands
 g - a wand of digging (3)
Scrolls
 c - 2 scrolls of fog
 d - 2 scrolls of magic mapping
 e - 2 scrolls of fear
 j - 2 scrolls of enchant armour
Potions
 f - a potion of haste
 h - 2 potions of might
 i - 2 potions of brilliance {unknown}
 k - 2 potions of experience {unknown}
 n - 3 potions of curing
 q - a potion of lignification {unknown}


   Skills:
 + Level 7.0 Fighting
 + Level 2.4 Short Blades
 + Level 5.2 Long Blades
 + Level 2.4 Axes
 + Level 2.4 Maces & Flails
 + Level 2.4 Polearms
 + Level 2.4 Staves
 + Level 2.4 Slings
 + Level 3.2 Bows
 + Level 2.4 Crossbows
 + Level 2.4 Throwing
 + Level 2.4 Armour
 + Level 5.2 Dodging
 + Level 9.8 Stealth
 + Level 2.4 Shields
 + Level 2.4 Unarmed Combat
 + Level 2.4 Spellcasting
 + Level 2.0 Conjurations
 + Level 2.0 Hexes
 + Level 2.0 Summonings
 + Level 2.0 Necromancy
 + Level 2.0 Translocations
 + Level 2.0 Transmutations
 + Level 2.0 Fire Magic
 + Level 2.0 Ice Magic
 + Level 2.0 Air Magic
 + Level 2.0 Earth Magic
 + Level 2.0 Poison Magic
 + Level 2.7 Invocations
 + Level 2.4 Evocations


You had 10 spell levels left.
You didn't know any spells.
Your spell library contained the following spells:

 Spells                   Type           Power      Damage    Failure   Level
 Freeze                   Ice            20%        1d4       17%         1
 Frozen Ramparts          Ice            10%        1d3       45%         3
 Ozocubu's Armour         Ice            5%         N/A       45%         3
 Hailstorm                Conj/Ice       5%         3d4       86%         4
 Metabolic Englaciation   Hex/Ice        2%         N/A       99%         5


Dungeon Overview and Level Annotations

Branches:
Dungeon (6/15)             Temple (0/1) D:4

Altars:
Ashenzari
Kikubaaqudgha
Nemelex Xobeh
Qazlal
Ru
Sif Muna
Uskayaw

Annotations:
D:6 exclusion: 2 wights


Innate Abilities, Weirdness & Mutations

You have very sharp teeth.
Your uncanny sense of smell can sniff out nearby items.
Your experience applies equally to all skills.


Message History

You hit the wight but do no damage.
The wight is moderately damaged.
The wight closely misses you.
Your +2 short sword of electrocution stops crackling.
a - a +0 falchion (weapon)
You closely miss the wight. Your bite misses the wight.
The wight is moderately damaged.
The wight barely misses you.
You hit the wight but do no damage. Your bite misses the wight.
The wight is moderately damaged.
The wight misses you.
You closely miss the wight.
The wight is moderately damaged.
The wight hits you with a +1 morningstar!
You hit the wight.
The wight is moderately damaged.
The wight barely misses you.
You hit the wight but do no damage.
The wight is moderately damaged.
The wight hits you with a +1 morningstar!
You feel drained. The wight barely misses you.
You hit the wight but do no damage.
The wight is moderately damaged.
The wight barely misses you.
You hit the wight.
The wight is heavily damaged.
The wight hits you with a +1 morningstar.
You feel drained.
* * * LOW HITPOINT WARNING * * *
You hit the wight.
The wight is heavily damaged.
The wight hits you with a +1 morningstar!
* * * LOW HITPOINT WARNING * * *
You feel drained.
* * * LOW HITPOINT WARNING * * *
You barely miss the wight.
The wight is heavily damaged.
The wight hits you with a +1 morningstar.
You die...
Your body disappears without a glow.

#..'....# ... #
#..#....# .....# #.
#....# .....# + #....#
.....#
##+#######....###'###'#.
........................
........................
........................
.............<..@z......
#######'#....####.......
.. #...#....# .......
... #...#....# .......
... #...#....# .......
#...#....#..#.......
##+###'##....#..#.....!.
.............#..#.......
.............#..#


You could see a wight.

Vanquished Creatures
  A sky beast (D:5)
  2 scorpions
  A hound (D:5)
  A jelly (D:3)
  An orc priest (D:6)
  2 centaur skeletons
  Crazy Yiuf (D:3)
  2 bullfrog skeletons
  An iguana (D:5)
  6 adders
  A white imp (D:4)
  A dart slug (D:1)
  6 orcs
  4 ball pythons
  3 bats
  5 endoplasms
  A giant cockroach (D:2)
  6 goblins
  3 hobgoblins
  10 jackals
  5 kobolds
  A quokka (D:2)
  5 frilled lizards
  9 rats
78 creatures vanquished.

Vanquished Creatures (others)
  15 plants (D:4)
15 creatures vanquished.

Grand Total: 93 creatures vanquished

Notes
Turn   | Place    | Note
-------+----------+-------------------------------------------
     0 | D:5      | Reached skill level 9 in Stealth
     0 | D:5      | Feb132020 the Gnoll Delver began the quest for the Orb.
     0 | D:5      | Reached XP level 1. HP: 23/23 MP: 1/1
    73 | D:5      | Noticed a hound
   593 | D:1      | Reached XP level 2. HP: 29/29 MP: 2/2
   761 | D:1      | Found a faded altar of an unknown god.
  1086 | D:2      | Reached XP level 3. HP: 35/35 MP: 3/3
  1629 | D:2      | Reached skill level 1 in Invocations
  1958 | D:3      | Reached skill level 1 in Short Blades
  1958 | D:3      | Reached skill level 1 in Axes
  1958 | D:3      | Reached skill level 1 in Maces & Flails
  1958 | D:3      | Reached skill level 1 in Polearms
  1958 | D:3      | Reached skill level 1 in Staves
  1958 | D:3      | Reached skill level 1 in Slings
  1958 | D:3      | Reached skill level 1 in Bows
  1958 | D:3      | Reached skill level 1 in Crossbows
  1958 | D:3      | Reached skill level 1 in Throwing
  1958 | D:3      | Reached skill level 1 in Armour
  1958 | D:3      | Reached skill level 1 in Shields
  1958 | D:3      | Reached skill level 1 in Unarmed Combat
  1958 | D:3      | Reached skill level 1 in Spellcasting
  1958 | D:3      | Reached skill level 1 in Evocations
  1985 | D:3      | Reached XP level 4. HP: 41/41 MP: 5/5
  2249 | D:3      | Found a shimmering blue altar of Sif Muna.
  2252 | D:3      | Reached skill level 1 in Conjurations
  2252 | D:3      | Reached skill level 1 in Hexes
  2252 | D:3      | Reached skill level 1 in Summonings
  2252 | D:3      | Reached skill level 1 in Necromancy
  2252 | D:3      | Reached skill level 1 in Translocations
  2252 | D:3      | Reached skill level 1 in Transmutations
  2252 | D:3      | Reached skill level 1 in Fire Magic
  2252 | D:3      | Reached skill level 1 in Ice Magic
  2252 | D:3      | Reached skill level 1 in Air Magic
  2252 | D:3      | Reached skill level 1 in Earth Magic
  2252 | D:3      | Reached skill level 1 in Poison Magic
  2252 | D:3      | Reached XP level 5. HP: 47/47 MP: 6/6
  2466 | D:3      | Found a runed translucent door.
  2467 | D:3      | Noticed Crazy Yiuf
  2493 | D:3      | Killed Crazy Yiuf
  2645 | D:4      | Found a broken altar of Ashenzari.
  2763 | D:4      | Found a staircase to the Ecumenical Temple.
  3029 | D:4      | Reached XP level 6. HP: 53/53 MP: 8/8
  3631 | D:5      | Reached skill level 5 in Long Blades
  3631 | D:5      | Reached skill level 5 in Dodging
  4508 | D:5      | Noticed a sky beast
  4563 | D:5      | Killed a sky beast
  4564 | D:5      | Reached XP level 7. HP: 23/59 MP: 10/10
  5088 | D:5      | Found a hide-covered altar of Uskayaw.
  5091 | D:5      | Found a sacrificial altar of Ru.
  5092 | D:5      | Found a stormy altar of Qazlal.
  5094 | D:5      | Found a sparkling altar of Nemelex Xobeh.
  5095 | D:5      | Found an ancient bone altar of Kikubaaqudgha.
  5097 | D:5      | Became a worshipper of Nemelex Xobeh the Trickster
  5807 | D:6      | Slain by a wight

Illustrated notes

Levels and vault maps discovered:
D:1:      co_arrival_random_square_maze, layout_basic,
          shapermc_ecumenical_altar_notcrosses, minmay_rat_gold_closets
D:2:      layout_basic
D:3:      layout_rooms, lemuel_coloured_pillars_altar, uniq_crazy_yiuf_cottage
D:4:      layout_loops_ring, nicolae_ashenzari_panopticon,
          minmay_temple_entry_sparse_star, serial_bayou_lagoon_a,
          kennysheep_minor_cross
D:5:      layout_loops_ring, minitemple, hangedman_decor_clover_reticule,
          minmay_hedge_maze, patterned_corridor
D:6:      layout_gridville, lightli_corner_chamber, uniq_sigmund

Skill      XL: |  1  2  3  4  5  6  7 |
---------------+----------------------+-----
Stealth        | |  9.8
Invocations    | 1 2 |  2.7
Short Blades   | 1 2 |  2.4
Axes           | 1 2 |  2.4
Maces & Flails | 1 2 |  2.4
Polearms       | 1 2 |  2.4
Staves         | 1 2 |  2.4
Slings         | 1 2 |  2.4
Bows           | 1 2 3 |  3.2
Crossbows      | 1 2 |  2.4
Throwing       | 1 2 |  2.4
Armour         | 1 2 |  2.4
Shields        | 1 2 |  2.4
Unarmed Combat | 1 2 |  2.4
Spellcasting   | 1 2 |  2.4
Evocations     | 1 2 |  2.4
Conjurations   | 1 2 |  2.0
Hexes          | 1 2 |  2.0
Summonings     | 1 2 |  2.0
Necromancy     | 1 2 |  2.0
Translocations | 1 2 |  2.0
Transmutations | 1 2 |  2.0
Fire Magic     | 1 2 |  2.0
Ice Magic      | 1 2 |  2.0
Air Magic      | 1 2 |  2.0
Earth Magic    | 1 2 |  2.0
Poison Magic   | 1 2 |  2.0
Long Blades    | 5 |  5.2
Dodging        | 5 |  5.2
Fighting       | 7 |  7.0

Action                   |  1- 3 |  4- 6 |  7- 9 || total
-------------------------+-------+-------+-------++-------
Melee: Falchion          |   104 |    27 |    25 ||   156
       Bite              |    10 |     7 |     4 ||    21
       Short sword       |    13 |    64 |    22 ||    99
       Punch             |       |     1 |     2 ||     3
Throw: Dart              |       |     4 |       ||     4
  Use: Scroll            |     3 |     1 |     1 ||     5
 Stab: Sleeping          |    13 |    12 |       ||    25
Armor: Leather armour    |    33 |    18 |    10 ||    61
Dodge: Dodged            |    89 |    44 |    30 ||   163
       Rpst.: Falchion   |    28 |     5 |     3 ||    36

Table legend: (Time is in decaauts)
 A = Elapsed time spent in this place.
 B = Non-inter-level travel time spent in this place.
 C = Inter-level travel time spent in this place.
 D = Time resting spent in this place.
 E = Time spent auto-exploring this place.
 F = Levels seen in this place.
 G = Mean time per level.
                   A        B        C        D        E       F      G
               +--------+--------+--------+--------+--------+-----+--------+
         Total |   5815 |   5140 |    675 |    117 |   4201 |   6 |  969.2 |
       Dungeon |   5815 |   5140 |    675 |    117 |   4201 |   6 |  969.2 |
               +--------+--------+--------+--------+--------+-----+--------+

Top non-repeatable levels by time:
     D:5: 1623 daAuts
     D:4: 1182 daAuts
     D:1: 1038 daAuts
     D:2: 970 daAuts
     D:3: 730 daAuts
     D:6: 269 daAuts
